 Dungeon Sprint DCSS version 0.28.0-43-g3370ac3207 (webtiles) character file.

Game seed: 14380735739063782133

618 smarlow the Protected (level 7, -3/72 HPs)
             Began as a Deep Dwarf Fighter on Mar 14, 2022.
             Was an Initiate of Makhleb.
             Slain by Sonja
             ... wielding a +2 short sword of distortion
              (4 damage)
             ... in the Dungeon (Sprint I: "Red Sonja").
             The game lasted 00:01:50 (183 turns).

smarlow the Protected (Deep Dwarf Fighter)           Turns: 183, Time: 00:01:51

Health: -3/72      AC:  4    Str: 22    XL:     7   Next: 21%
Magic:  3/3        EV: 10    Int:  8    God:    Makhleb [......]
Gold:   312        SH:  6    Dex: 12    Spells: 6/6 levels left

rFire   . . .      SeeInvis .   a - +0 war axe
rCold   . . .      Faith    .   c - +0 buckler
rNeg    . . .      Spirit   .   b - +0 scale mail
rPois   .          Reflect  .   (no helmet)
rElec   .          Harm     .   (no cloak)
rCorr   .          Rampage  .   (no gloves)
Will    +....      NoTele   +   (no boots)
Stlth   ..........              (no amulet)
HPRegen 0.00/turn               (no ring)
MPRegen 0.08/turn               (no ring)

@: corroded
A: damage resistance, heal wounds, sense surroundings 1, no regeneration
a: Heal Wounds, Renounce Religion


You were in the Dungeon.
You worshipped Makhleb.
Makhleb was noncommittal.
You visited 1 branch You collected 312 gold pieces.

Inventory:

Hand Weapons
 a - a +0 war axe (weapon)
Armour
 b - a +0 scale mail (worn)
 c - a +0 buckler (worn)
Wands
 d - a wand of digging (6)
Scrolls
 j - a scroll of blinking
Potions
 e - a potion of curing
 f - a potion of heal wounds
 g - a potion of haste
 h - 2 potions of magic
 i - a potion of berserk rage
 k - a potion of mutation {unknown}


   Skills:
 + Level 7.6 Fighting
 + Level 7.7 Axes
 + Level 10.3 Armour
 + Level 1.8 Dodging
 + Level 8.9 Shields


You had 6 spell levels left.
You didn't know any spells.
Your spell library was empty.

Dungeon Overview and Level Annotations

Branches:
Dungeon (1/1)

Altars:
Cheibriados
Dithmenos
Elyvilon
Fedhas
Gozag
Hepliaklqana
Kikubaaqudgha
Makhleb
Nemelex Xobeh
Okawaru
Qazlal
Ru
Sif Muna
Trog
Uskayaw
Vehumet
Wu Jian
Xom
Yredelemnul
Zin
The Shining One
Jiyva
Lugonu

Shops:
D *

Annotations:
D Sonja


Innate Abilities, Weirdness & Mutations

You are resistant to damage.
You can heal yourself by infusing magical energy.
You passively map a small area around you.
You do not regenerate.


Message History

Press: ? - help, Q - select action Dir - look around, f - activate Your magical essence is drained by the effort!
You feel much better.
There is a burning altar of Makhleb here.
You kneel at the altar of Makhleb.
Makhleb welcomes you!
There is an open door, spattered with blood here.
There is an open door here.
You see here a +0 plate armour.
There is a shimmering blue altar of Sif Muna here.
Activating: Heal Wounds (13% risk of failure)
Press: ? - help, Q - select action Dir - look around, f - activate You fail to use your ability.
Activating: Heal Wounds (13% risk of failure)
Press: ? - help, Q - select action Dir - look around, f - activate Your magical essence is drained by the effort!
You feel much better.
You open the door.
Sonja, the Graceful Assassin comes into view.
She is wielding a +2 short sword of distortion, quivering curare-tipped darts and carrying a wand of acid (8).
Sonja shouts!
Found 108 gold pieces.
Sonja closely misses you. You block Sonja's attack.
Sonja hits you with a +2 short sword of distortion.
Space warps horribly around you!!
There is an open door here.
You closely miss Sonja.
Sonja mumbles some strange words.
Sonja blinks!
Sonja zaps a wand.
The bolt of acid hits you!! The acid corrodes you!
Sonja zaps a wand.
The bolt of acid misses you.
Sonja hits you with a +2 short sword of distortion!
* * * LOW HITPOINT WARNING * * *
Space warps horribly around you!
* * * LOW HITPOINT WARNING * * *
You block Sonja's attack.
Sonja hits you with a +2 short sword of distortion!
* * * LOW HITPOINT WARNING * * *
Sonja closely misses you.
Sonja hits you with a +2 short sword of distortion.
You die...

#..#####'#####'#__#
,
#..####..#...#[####
#..#__####..##.# ,
#..#_____##'#_.+ ≈
, #⌠⌠#_.∩...†..._#≈
≈ ####_..__##_.#'#
+* #_____###'#[#
,,,*** +
#########§### , ,


+$@$+ , , *+ ++ #K.$# * ,* ##.## , , , * #+# , , ,, * , * , , , , * , , , , You
could see Sonja.

Vanquished Creatures
  A slime creature (D)
  Sigmund (D)
  A yak (D)
  An ogre (D)
  A jelly (D)
  Ijyb (D)
6 creatures vanquished.

Notes
Turn   | Place    | Note
-------+----------+-------------------------------------------
     0 | D        | smarlow the Deep Dwarf Fighter began the quest for the Orb.
     0 | D        | Reached XP level 1. HP: 20/20 MP: 1/1
     2 | D        | Noticed Ijyb
    13 | D        | Killed Ijyb
    14 | D        | Reached skill level 4 in Armour
    14 | D        | Reached XP level 2. HP: 21/30 MP: 2/2
    18 | D        | Noticed an ogre
    24 | D        | Killed an ogre
    25 | D        | Reached skill level 5 in Fighting
    25 | D        | Reached skill level 6 in Armour
    25 | D        | Reached XP level 3. HP: 20/39 MP: 3/3
    25 | D        | Reached XP level 4. HP: 24/46 MP: 4/4
    28 | D        | Noticed Sigmund
    40 | D        | Killed Sigmund
    41 | D        | Reached skill level 5 in Axes
    41 | D        | Reached skill level 8 in Armour
    41 | D        | Reached skill level 1 in Dodging
    41 | D        | Reached XP level 5. HP: 29/56 MP: 5/5
    41 | D        | Reached XP level 6. HP: 33/63 MP: 6/6
    78 | D        | Found a shimmering blue altar of Sif Muna.
    79 | D        | Found an ornate altar of the Wu Jian Council.
    80 | D        | Found a radiant altar of Vehumet.
   120 | D        | Found Atin's General Store.
   120 | D        | Found an ancient bone altar of Kikubaaqudgha.
   120 | D        | Found a hazy altar of Hepliaklqana.
   120 | D        | Found a stormy altar of Qazlal.
   120 | D        | Found a hide-covered altar of Uskayaw.
   120 | D        | Found a blossoming altar of Fedhas.
   120 | D        | Found a bloodstained altar of Trog.
   120 | D        | Found an iron altar of Okawaru.
   120 | D        | Found a basalt altar of Yredelemnul.
   120 | D        | Found a glowing golden altar of the Shining One.
   120 | D        | Found a snail-covered altar of Cheibriados.
   120 | D        | Found a sacrificial altar of Ru.
   120 | D        | Found a glowing silver altar of Zin.
   120 | D        | Found a shadowy altar of Dithmenos.
   120 | D        | Found a white marble altar of Elyvilon.
   120 | D        | Noticed a yak
   130 | D        | Killed a yak
   131 | D        | Reached skill level 9 in Armour
   131 | D        | Found an opulent altar of Gozag.
   132 | D        | Found a sparkling altar of Nemelex Xobeh.
   152 | D        | Found a burning altar of Makhleb.
   152 | D        | Found a viscous altar of Jiyva.
   152 | D        | Found a shimmering altar of Xom.
   152 | D        | Found a corrupted altar of Lugonu.
   152 | D        | Noticed a slime creature
   164 | D        | Killed a slime creature
   165 | D        | Reached skill level 10 in Armour
   165 | D        | Reached XP level 7. HP: 23/72 MP: 5/5
   168 | D        | Became a worshipper of Makhleb the Destroyer
   179 | D        | Noticed Sonja
   183 | D        | HP: 1/72 [Sonja/+2 short sword of distortion (6)]
   183 | D        | Slain by Sonja

Illustrated notes

Levels and vault maps discovered:
D:        dungeon_sprint_1 [red_sonja_temple_1, red_sonja_temple_small_1]

Skill      XL: |  1  2  3  4  5  6 |
---------------+-------------------+-----
Fighting       | 3 5 6 7 |  7.6
Axes           | 3 4 5 7 |  7.7
Armour         | 4 6 8 10 | 10.3
Shields        | 4 6 7 8 |  8.9
Dodging        | 1 |  1.8

Action                   |  1- 3 |  4- 6 |  7- 9 || total
-------------------------+-------+-------+-------++-------
Melee: War axe           |    15 |    33 |     1 ||    49
 Abil: Heal Wounds       |     1 |     5 |     2 ||     8
  Use: Potion            |     1 |       |       ||     1
Armor: Scale mail        |     5 |     6 |       ||    11
Dodge: Dodged            |     2 |     7 |     3 ||    12
Block: Buckler           |     2 |     2 |     2 ||     6
